Workbook

Sheet PRESUPUESTO
D3: REHABILITACIÓN DE LA MALLA VIAL FASE 2 DEL MUNICIPIO DE MALAMBO, DEPARTAMENTO DEL ATLÁNTICO
B7: REHABILITACION DE LA MALLA VIAL DEL MUNICIPIO DE MALAMBO FASE 2
B8: ITEMS | C8: DESCRIPICION | D8: UNIDAD | E8: CANT. | F8: VR. UNIT | G8: VR. TOTAL
B9: 1 | C9: PRELIMINARES:
B10: 1.01 | C10: Localización, trazado y replanteo | D10: M2 | E10: 2406 | F10: 3541.529 | G10: =E10*F10 -> 8520918.7
B11: 1.02 | C11: Demolición de estructuras (Pavimento existente y elementos de concreto), incluye retiro de material | D11: M2 | E11: 2406 | F11: 60877 | G11: =E11*F11 -> 146470062
B12: 1.03 | C12: Demolición de pisos y andenes, incluye retiro de material | D12: m2 | E12: 217 | F12: 22539 | G12: =E12*F12 -> 4890963
B13: 1.04 | C13: Excavacion de material comun de la explanacion, incluye retiro | D13: M3 | E13: 632 | F13: 57477 | G13: =E13*F13 -> 36325464
B14: 2 | C14: BASES:
B15: 2.01 | C15: Relleno de material seleccionado | D15: M3 | E15: 632 | F15: 130468.8 | G15: =E15*F15 -> 82456282
B16: 3 | C16: CAPA DE RODADURA CALZADA VEHICULAR:
B17: 3.01 | C17: Pavimento en concreto rigido MR-42 Kg/cm2 E: 0,20 m, incluye sello de juntas - dovelas - canastilla - plástico negro - aplicación de antisol y todo lo necesario para su perfecta ejecución | D17: M3 | E17: 481.2 | F17: 1282000 | G17: =E17*F17 -> 616898400
B18: 4 | C18: ACEROS:
B19: 4.01 | C19: Acero de refuerzo de 60.000 PSI, incluye corte, figuración e intalación Para Bordillos, Losas Irregulares y Longitudinal | D19: KG | E19: 774 | F19: 8703.6 | G19: =E19*F19 -> 6736586.4
B20: 5 | C20: OBRAS DE URBANISMO Y DRENAJE:
B21: 5.01 | C21: Bordillo de concreto fundido en obra de 3000 PSI (0,15m x 0,20m) | D21: ML | E21: 281.14527 | F21: 49285 | G21: =E21*F21 -> 13856244
B22: 5.02 | C22: Concreto 3000 PSI para anden, incluye suministro, instalación, curado con antisol | D22: M3 | E22: 21.5 | F22: 597613 | G22: =E22*F22 -> 12848680
B24: SUBTOTAL OBRAS | G24: =SUM(G10:G22) -> 9.290036e+08
B25: ADMINISTRACION 22% | G25: =+G24*0.22 -> 2.0438079e+08
B26: IMPREVISTO 5% | G26: =+G24*0.05 -> 46450180
B27: UTILIDAD 3% | G27: =+G24*0.03 -> 27870108
B28: IVA SOBRE UTILIDAD | G28: =G27*0.19 -> 5295320.5
B29: COSTO TOTAL | G29: =+SUM(G24:G28) -> 1.213e+09
B30: INTERVENTORIA 5% | G30: =+G29*0.05 -> 60650000
B31: COSTO TOTAL MAS INTERVENTORIA | G31: =+SUM(G29:G30) -> 1.27365e+09

Sheet APU
A1: ANALISIS DE PRECIOS UNITARIOS
A3: DESCRIPCIÓN | B3: =+PRESUPUESTO!C10 -> Localización, trazado y replanteo | F3: UNIDAD | G3: =+PRESUPUESTO!D10 -> M2
F4: ITEM | G4: =+PRESUPUESTO!B10 -> 1.01
A7: EQUIPO
A8: DESCRIPCION | D8: TIPO | E8: TARIFA/HORA | F8: RENDIMIENTO | G8: VALOR UNITARIO
A9: Herramienta menor | D9: Manual | E9: 4040 | F9: 100 | G9: =+E9/F9 -> 40.4
A10: Elementos de seguridad | D10: varios | E10: 12167 | F10: 100 | G10: =+E10/F10 -> 121.67
A11: equipo topografico | D11: manual | E11: 52390 | F11: 100 | G11: =+E11/F11 -> 523.9
F12: SUBTOTAL | G12: =SUM(G9:G11) -> 685.97
A14: MATERIALES
A15: DESCRIPCION | D15: UN | E15: RENDIMIENTO | F15: PRECIO | G15: VALOR UNITARIO
A16: puntillas | D16: lb | E16: 0.05 | F16: 4250 | G16: =+E16*F16 -> 212.5
A17: listones | D17: ml | E17: 0.02 | F17: 13500 | G17: =+E17*F17 -> 270
A18: pintura | D18: glb | E18: 1 | F18: 250 | G18: =+E18*F18 -> 250
G19: =+E19*F19 -> 0
F20: SUBTOTAL | G20: =SUM(G16:G19) -> 732.5
A22: TRANSPORTES
A23: MATERIAL | C23: VOL/PESO | D23: DISTANCIA | E23: M3 O TON / KM | F23: TARIFA | G23: VALOR UNITARIO
A24: Transporte | C24: 1 | D24: 1 | E24: 1 | F24: 9.95 | G24: =+D24*E24*F24 -> 9.95
F25: SUBTOTAL | G25: =SUM(G24:G24) -> 9.95
A27: MANO DE OBRA
A28: TRABAJADOR | B28: No | C28: JORNAL | D28: PRESTACION | E28: JORNAL TOTAL | F28: RENDIMIENTO | G28: VALOR UNITARIO
A29: Ayudantes | B29: 2 | C29: 47450 | D29: 0.67 | E29: =+C29*(1+D29)*B29 -> 158483 | F29: 150 | G29: =+E29/F29 -> 1056.5533
A30: Técnico | B30: 1 | C30: 94900 | D30: =D29 -> 0.67 | E30: =+C30*(1+D30)*B30 -> 158483 | F30: 150 | G30: =+E30/F30 -> 1056.5533
F33: SUBTOTAL | G33: =SUBTOTAL(9,G29:G32) -> 2113.1067
D36: TOTAL COSTO DIRECTO | G36: =ROUND(+G33+G25+G20+G12,2) -> 3541.53
A43: ANALISIS DE PRECIOS UNITARIOS
A45: DESCRIPCIÓN | B45: =+PRESUPUESTO!C13 -> Excavacion de material comun de la explanacion, incluye retiro | F45: UNIDAD | G45: =+PRESUPUESTO!D13 -> M3
F46: ITEM | G46: =+PRESUPUESTO!B13 -> 1.04
A49: EQUIPO
A50: DESCRIPCION | D50: TIPO | E50: TARIFA/HORA | F50: RENDIMIENTO | G50: VALOR UNITARIO
A51: Herramienta menor | D51: Manual | E51: 5040 | F51: 4 | G51: =+E51/F51 -> 1260
A52: Elementos de seguridad | D52: varios | E52: 15120 | F52: 8 | G52: =+E52/F52 -> 1890
A53: retroexcavadora | D53: mecanico | E53: 130000 | F53: 0.08 | G53: =E53*F53 -> 10400
A54: volqueta | D54: mecanico | E54: 35000 | F54: 1 | G54: =E54*F54 -> 35000
G55: =E55*F55 -> 0
F56: SUBTOTAL | G56: =SUM(G51:G55) -> 48550
A58: MATERIALES
A59: DESCRIPCION | D59: UN | E59: RENDIMIENTO | F59: PRECIO | G59: VALOR UNITARIO
G60: =+E60*F60 -> 0
G61: =+E61*F61 -> 0
G62: =+E62*F62 -> 0
G63: =+E63*F63 -> 0
F65: SUBTOTAL | G65: =SUM(G60:G64) -> 0
A67: TRANSPORTES
A68: MATERIAL | C68: VOL/PESO | D68: DISTANCIA | E68: M3 O TON / KM | F68: TARIFA | G68: VALOR UNITARIO
A69: Transporte | C69: 1 | D69: 1 | E69: 1 | F69: 1850 | G69: =+D69*E69*F69 -> 1850
F70: SUBTOTAL | G70: =SUM(G69:G69) -> 1850
A72: MANO DE OBRA
A73: TRABAJADOR | B73: No | C73: JORNAL | D73: PRESTACION | E73: JORNAL TOTAL | F73: RENDIMIENTO | G73: VALOR UNITARIO
A74: Ayudantes | B74: 1 | C74: 38142 | D74: 0.67 | E74: =+C74*(1+D74)*B74 -> 63697.14 | F74: 9 | G74: =+E74/F74 -> 7077.46
A75: Técnico | C75: 76284 | D75: =D74 -> 0.67 | E75: =+C75*(1+D75)*B75 -> 0 | F75: 30 | G75: =+E75/F75 -> 0
F78: SUBTOTAL | G78: =SUBTOTAL(9,G74:G77) -> 7077.46
D81: TOTAL COSTO DIRECTO | G81: =ROUND(+G78+G70+G65+G56,2) -> 57477.46
A86: ANALISIS DE PRECIOS UNITARIOS
A88: DESCRIPCIÓN | B88: =+PRESUPUESTO!C11 -> Demolición de estructuras (Pavimento existente y elementos de concreto), incluye retiro de material | F88: UNIDAD | G88: =+PRESUPUESTO!D11 -> M2
F89: ITEM | G89: =+PRESUPUESTO!B11 -> 1.02
A92: EQUIPO
A93: DESCRIPCION | D93: TIPO | E93: TARIFA/HORA | F93: RENDIMIENTO | G93: VALOR UNITARIO
A94: Herramienta menor | D94: Manual | E94: 5040 | F94: 7 | G94: =+E94/F94 -> 720
A95: Elementos de seguridad | D95: varios | E95: 15120 | F95: 12 | G95: =+E95/F95 -> 1260
A96: retroexcavadora con martillo | D96: mecanico | E96: 140000 | F96: 0.28 | G96: =E96*F96 -> 39200
A97: volqueta | D97: mecanico | E97: 40000 | F97: 5 | G97: =E97/F97 -> 8000
A98: minicargador | D98: mecanico | E98: 85000 | F98: 0.07 | G98: =E98*F98 -> 5950
F99: SUBTOTAL | G99: =SUM(G94:G98) -> 55130
A101: MATERIALES
A102: DESCRIPCION | D102: UN | E102: RENDIMIENTO | F102: PRECIO | G102: VALOR UNITARIO
G103: =+E103*F103 -> 0
G104: =+E104*F104 -> 0
G105: =+E105*F105 -> 0
G106: =+E106*F106 -> 0
F108: SUBTOTAL | G108: =SUM(G103:G107) -> 0
A110: TRANSPORTES
A111: MATERIAL | C111: VOL/PESO | D111: DISTANCIA | E111: M3 O TON / KM | F111: TARIFA | G111: VALOR UNITARIO
A112: Transporte | C112: 1 | D112: 1 | E112: 1 | F112: 2000 | G112: =+D112*E112*F112 -> 2000
F113: SUBTOTAL | G113: =SUM(G112:G112) -> 2000
A115: MANO DE OBRA
A116: TRABAJADOR | B116: No | C116: JORNAL | D116: PRESTACION | E116: JORNAL TOTAL | F116: RENDIMIENTO | G116: VALOR UNITARIO
A117: Ayudantes | B117: 1 | C117: 38142 | D117: 0.67 | E117: =+C117*(1+D117)*B117 -> 63697.14 | F117: 17 | G117: =+E117/F117 -> 3746.8906
A118: Técnico | C118: 76284 | D118: =D117 -> 0.67 | E118: =+C118*(1+D118)*B118 -> 0 | F118: 20 | G118: =+E118/F118 -> 0
F121: SUBTOTAL | G121: =SUBTOTAL(9,G117:G120) -> 3746.8906
D124: TOTAL COSTO DIRECTO | G124: =ROUND(+G121+G113+G108+G99,2) -> 60876.89
A130: ANALISIS DE PRECIOS UNITARIOS
A132: DESCRIPCIÓN | B132: relleno con material seleccionado. Especificaciones INVIAS 220-13 | F132: UNIDAD | G132: =+PRESUPUESTO!D15 -> M3
F133: ITEM | G133: =+PRESUPUESTO!B15 -> 2.01
A136: EQUIPO
A137: DESCRIPCION | D137: TIPO | E137: TARIFA/HORA | F137: RENDIMIENTO | G137: VALOR UNITARIO
A138: Herramienta menor | D138: Manual | E138: 5040 | F138: 4 | G138: =+E138/F138 -> 1260
A139: Elementos de seguridad | D139: varios | E139: 15120 | F139: 8 | G139: =+E139/F139 -> 1890
A140: motoniveladora | D140: mecanico | E140: 160000 | F140: 0.09 | G140: =E140*F140 -> 14400
A141: vobrocompactador | D141: mecanico | E141: 75000 | F141: 0.08 | G141: =E141*F141 -> 6000
A142: carro siterna | D142: mecanico | E142: 70000 | F142: 0.07 | G142: =E142*F142 -> 4900
F143: SUBTOTAL | G143: =SUM(G138:G142) -> 28450
A145: MATERIALES
A146: DESCRIPCION | D146: UN | E146: RENDIMIENTO | F146: PRECIO | G146: VALOR UNITARIO
A147: relleno material seleccionado tipo invias | D147: m3 | E147: 1.3 | F147: 61726.77 | G147: =+E147*F147 -> 80244.801
G148: =+E148*F148 -> 0
G149: =+E149*F149 -> 0
G150: =+E150*F150 -> 0
F152: SUBTOTAL | G152: =SUM(G147:G151) -> 80244.801
...

Sheet CANT.
B3: REHABILITACION DE LA MALLA VIAL DEL MUNICIPIO DE MALAMBO FASE 2
B4: ITEMS | C4: DESCRIPICION | D4: UNIDAD | E4: CANT.
B5: 1 | C5: PRELIMINARES:
B6: 1.01 | C6: Localización, trazado y replanteo | D6: M2 | E6: 2406
B7: 1.02 | C7: Demolición de estructuras (Pavimento existente y elementos de concreto), incluye retiro de material | D7: M2 | E7: 2406
B8: 1.03 | C8: Demolición de pisos y andenes, incluye retiro de material | D8: m2 | E8: 217
B9: 1.04 | C9: Excavacion de material comun de la explanacion, incluye retiro | D9: M3 | E9: 632
B10: 2 | C10: BASES:
B11: 2.01 | C11: Relleno de material seleccionado | D11: M3 | E11: 632
B12: 3 | C12: CAPA DE RODADURA CALZADA VEHICULAR:
B13: 3.01 | C13: Pavimento en concreto rigido MR-42 Kg/cm2 E: 0,20 m, incluye sello de juntas - dovelas - canastilla - plástico negro - aplicación de antisol y todo lo necesario para su perfecta ejecución | D13: M3 | E13: 481.2
B14: 4 | C14: ACEROS:
B15: 4.01 | C15: Acero de refuerzo de 60.000 PSI, incluye corte, figuración e intalación Para Bordillos, Losas Irregulares y Longitudinal | D15: KG | E15: 774
B16: 5 | C16: OBRAS DE URBANISMO Y DRENAJE:
B17: 5.01 | C17: Bordillo de concreto fundido en obra de 3000 PSI (0,15m x 0,20m) | D17: ML | E17: 281.14527
B18: 5.02 | C18: Concreto 3000 PSI para anden, incluye suministro, instalación, curado con antisol | D18: M3 | E18: 21.5

Sheet Hoja1
B3: Proyecto: | C3: REHABILITACION DE LA MALLA VIAL-FASE 2 DEL MUNICIPIO DE MALAMBO, DEPARTAMENTO DEL ATLÁNTICO
B8: ITEMS | C8: DESCRIPICION | D8: UNIDAD | E8: CANT. | F8: VR. UNIT | G8: VR. TOTAL
B9: 1 | C9: PRELIMINARES: | G9: =SUM(G10:G13) -> 1.9620741e+08
B10: 1.01 | C10: Localización, trazado y replanteo | D10: M2 | E10: 2406 | F10: 3541.529 | G10: =E10*F10 -> 8520918.7
B11: 1.02 | C11: Demolicin de estructuras (pavimento existentes y elementos de concreto), incluye retiro de material | D11: M2 | E11: 2406 | F11: 60877 | G11: =E11*F11 -> 146470062
B12: 1.03 | C12: demolicion de pisos y andenes, incluye retiro de material | D12: m2 | E12: 217 | F12: 22539 | G12: =E12*F12 -> 4890963
B13: 1.04 | C13: excavacion de material comun de la explanacion, incluye retiro | D13: M3 | E13: 632 | F13: 57477 | G13: =E13*F13 -> 36325464
B14: 2 | C14: BASES: | G14: =SUM(G15:G15) -> 82456282
B15: 2.01 | C15: relleno de material seleccionado | D15: M3 | E15: 632 | F15: 130468.8 | G15: =E15*F15 -> 82456282
B16: 3 | C16: CAPA DE RODADURA CALZADA VEHICULAR: | G16: =SUM(G17:G17) -> 616898400
B17: 3.01 | C17: Pavimento en concreto rigido MR-42 Kg/cm2 E: 0,20 m, incluye sello de juntas - dovelas - canastilla - plástico negro - aplicación de antisol y todo lo necesario para su perfecta ejecución | D17: M3 | E17: 481.2 | F17: 1282000 | G17: =E17*F17 -> 616898400
B18: 4 | C18: ACEROS: | G18: =SUM(G19:G19) -> 6736586.4
B19: 4.01 | C19: Acero de refuerzo de 60.000 PSI, incluye corte, figuración e intalación Para Bordillos, Losas Irregulares y Longitudinal | D19: KG | E19: 774 | F19: 8703.6 | G19: =E19*F19 -> 6736586.4
B20: 5 | C20: OBRAS DE URBANISMO Y DRENAJE: | G20: =SUM(G21:G22) -> 30098430
B21: 5.01 | C21: Bordillo de concreto fundido en obra de 3000 PSI (0,15m x 0,20m) | D21: ML | E21: 350 | F21: 49285 | G21: =E21*F21 -> 17249750
B22: 5.02 | C22: Concreto 3000 PSI para anden, incluye suministro, instalación, curado con antisol | D22: M3 | E22: 21.5 | F22: 597613 | G22: =E22*F22 -> 12848680
B26: SUBTOTAL OBRAS | G26: =+G9+G14+G16+G18+G20 -> 9.3239711e+08
B27: ADMINISTRACION 22% | G27: =+G26*0.22 -> 2.0512736e+08
B28: IMPREVISTO 5% | G28: =+G26*0.05 -> 46619855
B29: UTILIDAD 3% | G29: =+G26*0.03 -> 27971913
B30: TOTAL | G30: =+SUM(G26:G29) -> 1.2121162e+09
